 Dungeon Crawl Stone Soup version 0.30.0-29-ga12c61a403 (webtiles) character file.

Game seed: 323058527976645943

111 hawla the Firebug (level 5, -7/38 HPs)
             Began as a Meteoran Fire Elementalist on June 13, 2023.
             Was an Initiate of Vehumet.
             Killed by miscasting Flame Wave (16 damage)
             ... on level 4 of the Dungeon.
             The game lasted 00:04:58 (462 turns).

hawla the Firebug (Meteoran Fire Elementalist)       Turns: 462, Time: 00:04:58

Health: -7/38      AC:  3    Str:  8 (10) XL:     5   Next: 39%
Magic:  8/12       EV: 12    Int: 17 (18) God:    Vehumet [......]
Gold:   60         SH:  0    Dex: 12 (14) Spells: 5/12 levels left

rFire   . . .        (no weapon)
rCold   . . .        (no shield)
rNeg    . . .        a - +0 robe
rPois   .            (no helmet)
rElec   .            (no cloak)
rCorr   .            (no gloves)
SInv    .            j - +0 pair of boots
Will    .....        (no amulet)
Stlth   +            (no ring)
HPRegen 0.26/turn    (no ring)
MPRegen 0.13/turn

%: no passive effects
@: very slightly contaminated, glowing
A: sense surroundings 1, otherworldly, glowing, explore regen
a: Renounce Religion


You were on level 4 of the Dungeon.
You worshipped Vehumet.
Vehumet was noncommittal.
You visited 2 branches of the dungeon, and saw 5 of its levels.

You collected 60 gold pieces.

Inventory:

Armour
 a - a +0 robe (worn)
 j - a +0 pair of boots (worn)
Jewellery
 g - an amulet of reflection
Scrolls
 c - 2 scrolls of identify
Potions
 d - a potion of resistance
 f - 2 potions of might
 h - a potion of heal wounds


   Skills:
 - Level 2.6 Dodging
 - Level 1.4 Stealth
 - Level 4.3 Spellcasting
 + Level 2.1 Conjurations
 - Level 5.1 Fire Magic


You had 5 spell levels left.
You knew the following spells:

 Your Spells              Type           Power      Damage    Failure   Level
a - Foxfire               Conj/Fire      64%        2x1d7     3%          1
b - Scorch                Fire           42%        2d7       2%          2
c - Flame Wave            Conj/Fire      16%        2d7       34%         4

Your spell library contained the following spells:

 Spells                   Type           Power      Damage    Failure   Level
 Inner Flame              Hex/Fire       12%        N/A       16%         3
 Volatile Blastmotes      Fire/Tloc      24%        2d12      16%         3


Dungeon Overview and Level Annotations

Branches:
Dungeon (4/15) Zot: 1950   Temple (1/1) D:4 Zot: 579

Altars:
Cheibriados
Dithmenos
Elyvilon
Fedhas
Gozag
Hepliaklqana
Nemelex Xobeh
Okawaru
Ru
Trog
Uskayaw
Vehumet
Xom
Yredelemnul
The Shining One


Innate Abilities, Weirdness & Mutations

You passively map a small area around you.
You are easily found by Zot.
You glow in the dark.
You regain HP and MP as you explore.


Message History

Okay, then.
You closely miss something.
An orc comes into view. It is wielding a +0 falchion.
Something hits you. The orc closely misses you.
You hear some strange, mumbled words.
Something tries to affect you, but you resist.
You're too confused to move!
You feel less confused. Something hits you. The orc barely misses you.
Casting: Flame Wave (extremely dangerous; 34% risk of failure)
Confirm with . or Enter, or press ? or * to list all spells.
The spell is extremely dangerous to miscast (34% risk of failure)!
Continue anyway?
Casting: Flame Wave (extremely dangerous; 34% risk of failure)
Press: ? - help, Dir - look around, f - activate You miscast Flame Wave.
You are very lightly contaminated with residual magic.
Strange energies run through your body! The orc hits you but does no damage.
Something hits you. The orc hits you with a +0 whip.
Unknown command.
Casting: Flame Wave (extremely dangerous; 34% risk of failure)
Confirm with . or Enter, or press ? or * to list all spells.
You don't have enough magic to cast this spell.
Casting: Flame Wave (extremely dangerous; 34% risk of failure)
Confirm with . or Enter, or press ? or * to list all spells.
Flames lash the orc.
You kill the orc!
Vehumet accepts your kill. The orc hits you with a +0 falchion.
* * * LOW HITPOINT WARNING * * *
Something hits you.
* * * LOW HITPOINT WARNING * * *
Magic courses through your body. The orc barely misses you. Something hits you.
* * * LOW HITPOINT WARNING * * *
Casting: Scorch (safe; 2% risk of failure)
Confirm with . or Enter, or press ? or * to list all spells.
The spell is extremely dangerous to miscast (34% risk of failure)!
Continue anyway?
Casting: Flame Wave (extremely dangerous; 34% risk of failure)
Press: ? - help, Dir - look around, f - activate You miscast Flame Wave.
Fire whirls out from your hands!
You die...

* * * * , ,
* #########.
#.........,,
,,
#.o......, *
#@{).#* *
##)#.# #.#
#.#,* #.#, *
#.# * * #.#
#.# * .# #.#
#.#


You could see an orc.

Vanquished Creatures
  A hound (D:4)
  4 adders
  2 dart slugs
  2 orcs (D:4)
  4 endoplasms
  2 giant cockroaches
  3 goblins
  6 hobgoblins
  3 jackals (D:2)
  4 kobolds
  A quokka (D:2)
  3 ball pythons
  A bat (D:1)
  2 rats
38 creatures vanquished.

Vanquished Creatures (collateral kills)
  3 foxfires (D:2)
3 creatures vanquished.

Vanquished Creatures (others)
  95 foxfires
95 creatures vanquished.

Grand Total: 136 creatures vanquished

Notes
Turn   | Place    | Note
-------+----------+-------------------------------------------
     0 | D:1      | hawla the Meteoran Fire Elementalist began the quest for
                  | the Orb.
     0 | D:1      | Reached XP level 1. HP: 14/14 MP: 5/5
    37 | D:1      | Reached skill level 4 in Fire Magic
    37 | D:1      | Reached XP level 2. HP: 20/20 MP: 3/6
    40 | D:1      | Learned a level 2 spell: Scorch
   142 | D:2      | Reached XP level 3. HP: 26/26 MP: 4/8
   261 | D:2      | Reached XP level 4. HP: 33/33 MP: 4/10
   315 | D:4      | Reached skill level 5 in Fire Magic
   315 | D:4      | Reached XP level 5. HP: 38/38 MP: 0/12
   320 | D:4      | Learned a level 4 spell: Flame Wave
   334 | D:4      | Found a staircase to the Ecumenical Temple.
   347 | Temple   | Entered the Ecumenical Temple
   353 | Temple   | Became a worshipper of Vehumet
   462 | D:4      | Killed by miscasting Flame Wave

Illustrated notes

Levels and vault maps discovered:
D:1:      psy_arrival_whirlpool, layout_rooms
D:2:      layout_rooms, serial_bayou_lagoon_b
D:3:      layout_rooms, grunt_ministairs_7, uniq_natasha,
          uniq_crazy_yiuf_cottage
D:4:      layout_loops_ring, general_overflow_altar, minmay_temple_entry_wispy,
          hellmonk_ghost_happy_afterlife, uniq_duvessa, uniq_robin, uniq_edmund
Temple:   hellmonk_temple_two_chambers

Skill      XL: |  1  2  3  4  5 |
---------------+----------------+-----
Fire Magic     | 4 5 |  5.1
Spellcasting   | 3 4 |  4.3
Conjurations   | 2 |  2.1
Dodging        | |  2.6
Stealth        | |  1.4

Action                     |  1- 3 |  4- 6 || total
---------------------------+-------+-------++-------
  Melee: Unarmed           |     1 |     3 ||     4
         Punch             |     1 |       ||     1
   Cast: Foxfire           |    38 |    16 ||    54
         Scorch            |     1 |     5 ||     6
         Flame Wave        |       |     1 ||     1
    Use: Scroll            |       |     5 ||     5
         Potion            |       |     2 ||     2
 Armour: Robe              |     1 |     4 ||     5
  Dodge: Dodged            |     4 |     6 ||    10
